 Dungeon Crawl Stone Soup version 0.18.1-47-g9310371 (webtiles) character file.

86394 MirrMurr the Imperceptible (level 15, -4/74 HPs)
             Began as a Spriggan Enchanter on June 18, 2016.
             Was a High Priest of Ashenzari.
             Killed by divine providence
             ... invoked by an orc priest
              (14 damage)
             ... on level 1 of the Orcish Mines.
             The game lasted 01:24:24 (26685 turns).

MirrMurr the Imperceptible (Spriggan Enchanter)    Turns: 26685, Time: 01:24:25

Health: -4/74      AC: 11    Str:  7    XL:     15   Next: 40%
Magic:  27/34      EV: 28    Int: 21    God:    Ashenzari [*****.]
Gold:   2034       SH:  0    Dex: 18    Spells: 5 memorised, 31 levels left

rFire  . . .     SeeInvis +     a - +5 dagger (elec) (curse)
rCold  + . .     Gourm    .     P - +1 robe {rC+}
rNeg   . . .     Faith    .     (shield restricted)
rPois  .         Spirit   .     (helmet restricted)
rElec  .         Dismiss  .     G - +2 cloak (curse)
rCorr  .         Reflect  .     (gloves unavailable)
SustAt .         Harm     .     (boots unavailable)
MR     ++...     Clarity  +     x - amulet of regeneration (curse)
Stlth  ++++++++++               H - ring of stealth
                                C - +3 ring of protection (curse)

@: very quick, very resistant to hostile enchantments, uncannily stealthy
A: unfitting armour, thin metallic scales 1, see invisible, agile 1, herbivore
3, speed 3, slow metabolism 2, wild magic 1
a: Curse Item, Scrying, Transfer Knowledge, Renounce Religion


You were on level 1 of the Orcish Mines.
You worshipped Ashenzari.
Ashenzari was extremely pleased with you.
You were full.

You visited 4 branches of the dungeon, and saw 21 of its levels.
You visited the Abyss 1 time.
You also visited: Ice Cave.

You collected 2138 gold pieces.
You spent 104 gold pieces at shops.

Inventory:

Hand Weapons
 a - a cursed +5 dagger of electrocution (weapon)
 b - a +2 dagger of freezing
Missiles
 o - 8 tomahawks of returning
 y - 2 throwing nets
 E - 14 tomahawks
 N - 538 stones (quivered)
Armour
 G - a cursed +2 cloak (worn)
 P - a +1 robe of cold resistance (worn)
Jewellery
 m - a +3 amulet of reflection
 x - a cursed amulet of regeneration (around neck)
 C - a cursed +3 ring of protection (left hand)
 H - a ring of stealth (right hand)
 I - an uncursed ring of ice
 S - an uncursed amulet of magic regeneration
 X - an uncursed ring of fire
Wands
 g - a wand of teleportation (4/9)
 q - a wand of flame (17/48)
 F - a wand of iceblast (5/15)
 L - a wand of disintegration (4/24)
 Q - a wand of acid (4/15)
 U - a wand of teleportation (4/9)
 Z - a wand of lightning (11/15)
Scrolls
 f - 2 scrolls of recharging
 i - 8 scrolls of identify
 l - a scroll of summoning
 r - 7 scrolls of remove curse
 s - 8 scrolls of teleportation
 z - 5 scrolls of fog
 B - 2 scrolls of blinking
 J - a scroll of silence
 M - 2 scrolls of magic mapping
 V - 2 scrolls of enchant armour
Potions
 e - 5 potions of heal wounds
 h - 2 potions of cure mutation
 j - a potion of cancellation
 n - 4 potions of curing
 p - 4 potions of flight
 v - 4 potions of might
 w - a potion of brilliance
 T - a potion of haste
 W - 3 potions of agility
Books
 c - a book of Maledictions

   Spells                             Type                      Level
   a - Corona                         Hexes                        1
   b - Ensorcelled Hibernation        Hexes/Ice                    2
   c - Confuse                        Hexes                        3
   d - Tukima's Dance                 Hexes                        3
   e - Dazzling Spray                 Conjuration/Hexes            3
 k - a book of Frost

   Spells                             Type                      Level
   a - Freeze                         Ice                          1
   b - Throw Frost                    Conjuration/Ice              2
   c - Ozocubu's Armour               Charms/Ice                   3
   d - Throw Icicle                   Conjuration/Ice              4
   e - Summon Ice Beast               Ice/Summoning                4
 t - a book of Geomancy

   Spells                             Type                      Level
   a - Sandblast                      Earth                        1
   b - Passwall                       Transmutation/Earth          2
   c - Stone Arrow                    Conjuration/Earth            3
   d - Petrify                        Transmutation/Earth          4
   e - Lee's Rapid Deconstruction     Earth                        5
 D - a book of Power

   Spells                             Type                      Level
   a - Fulminant Prism                Conjuration/Hexes            4
   b - Iskenderun's Mystic Blast      Conjuration                  4
   c - Venom Bolt                     Conjuration/Poison           5
   d - Bolt of Magma                  Conjuration/Fire/Earth       5
   e - Iron Shot                      Conjuration/Earth            6
   f - Orb of Destruction             Conjuration                  7
   g - Spellforged Servitor           Conjuration/Summoning        7
 O - a book of Alchemy

   Spells                             Type                      Level
   a - Sublimation of Blood           Necromancy                   2
   b - Ignite Poison                  Fire/Transmutation/Poison    3
   c - Petrify                        Transmutation/Earth          4
   d - Alistair's Intoxication        Transmutation/Poison         5
   e - Irradiate                      Conjuration/Transmutation    5
 R - a book of Ice

   Spells                             Type                      Level
   a - Ice Form                       Ice/Transmutation            4
   b - Metabolic Englaciation         Hexes/Ice                    5
   c - Ozocubu's Refrigeration        Ice                          6
   d - Bolt of Cold                   Conjuration/Ice              6
   e - Freezing Cloud                 Conjuration/Ice/Air          6
   f - Simulacrum                     Ice/Necromancy               6
 Y - a book of Cantrips

   Spells                             Type                      Level
   a - Corona                         Hexes                        1
   b - Animate Skeleton               Necromancy                   1
   c - Summon Small Mammal            Summoning                    1
   d - Apportation                    Translocation                1
Miscellaneous
 u - a phantom mirror
Comestibles
 d - 8 bread rations
 A - 16 fruits
 K - a slice of pizza


   Skills:
 * Level 6.4 Fighting
 + Level 8.0(12.0) Short Blades
 + Level 12.0 Dodging
 + Level 22.1 Stealth
 + Level 14.5 Spellcasting
 + Level 3.4(5.8) Conjurations
 + Level 14.1(16.3) Hexes
 + Level 5.3(8.0) Ice Magic
 + Level 1.3(3.0) Evocations


You had 31 spell levels left.
You knew the following spells:

 Your Spells              Type           Power        Failure   Level  Hunger
a - Ensorcelled Hibernat  Hex/Ice        ######       1%          2    None
b - Confuse               Hex            #######.     1%          3    None
c - Corona                Hex            #######      1%          1    None
d - Dazzling Spray        Conj/Hex       ######       1%          3    None
o - Ozocubu's Armour      Chrm/Ice       #####...     4%          3    None


Dungeon Overview and Level Annotations

Branches:
Dungeon (11/15)            Temple (1/1) D:6            Lair (8/8) D:11
 Shoals (0/4) Lair:6        Snake (0/4) Lair:6        Slime (0/6) Lair:6
    Orc (1/2) D:11

Altars:
Ashenzari
Cheibriados
Dithmenos
Elyvilon
Fedhas
Gozag
Kikubaaqudgha
Makhleb
Nemelex Xobeh
Okawaru
Pakellas
Qazlal
Ru
Sif Muna
Trog
Vehumet
Xom
Yredelemnul
Zin
The Shining One
Beogh
Jiyva

Shops:
D:6 !   D:9 *

Annotations:
Lair:8 hellmouth, exclusion: door


Innate Abilities, Weirdness & Mutations

You are tiny and cannot use many weapons and most armour.
You have supernaturally acute eyesight.
You are a herbivore.
You cover ground extremely quickly.
You need consume almost no food.
You are partially covered in thin metallic scales (AC +2).
You are agile. (Dex +2)
Your spells are a little harder to cast, but a little more powerful.


Message History

The orc warrior closely misses you.
The orc warrior hits you with a dire flail!!
* * * LOW HITPOINT WARNING * * *
The orc wizard shouts!
You hear a shout!
The orc priest calls down the wrath of Beogh upon you.
Beogh smites you!
* * * LOW HITPOINT WARNING * * *
You see here a +0 flail.
You see here a +0 short sword.
Things that are here:
a cursed -3 trident; an uncursed ring mail; an orc skeleton
Items here: )) [[ a +0 dagger; an uncursed robe; a +0 war axe of flaming an uncursed plate armour
Things that are here:
a +0 short sword; an uncursed plate armour; an orc skeleton The orc warrior no longer looks unusually strong.
The orc priest mumbles some strange prayers to Beogh against you.
Beogh smites you!
You die...

#.....##).....#.........
##....#......).##.......
#.........)..####.#....
##....)....### ###.#.#
##........##.## #####
#.......))....#
#............## ##.........###
#####@##### ##.## #.).# *
*###########)))##############
,,..........#.o.#............#
..........#)o.#..)......./.#
,,..........'.).'............#
,......)...#)o.#............#
, ..........#...#..))........#


You could see 2 orc warriors and an orc priest.

Vanquished Creatures
  A frost giant (IceCv)
  3 orc warlords
  A dire elephant (Lair:8)
  Snorg (Lair:8)
  The ghost of Kloppie the Carver, a journeyman MiBe of Trog (IceCv)
  Erolcha (D:10)
  Fannar (Orc:1)
  6 hydras
  Erica (Lair:2)
  The ghost of Peloso the Blocker, a novice MiFi of Okawaru (D:8)
  16 death yaks
  A queen ant (Lair:8)
  An unseen horror (D:10)
  A wizard (Lair:8)
  3 hill giants
  3 orc knights
  An oklob plant (Lair:7)
  2 orc sorcerers (Orc:1)
  4 griffons
  A manticore (Lair:6)
  2 cyclopes (D:11)
  4 black mambas
  19 elephants
  Psyche (D:8)
  The ghost of Wardy2 the Thaumaturge, a novice DETm of Sif Muna (D:6)
  Joseph (D:8)
  A torpor snail (Lair:4)
  20 spiny frogs
  8 komodo dragons
  4 rime drakes
  4 trolls
  12 polar bears
  Grinder (D:3)
  15 blink frogs
  A wraith (D:11)
  A shadow (D:11)
  A wyvern (Lair:8)
  2 basilisks
  64 yaks
  A hungry ghost (D:9)
  16 hippogriffs
  2 wargs (D:11)
  A naga (Lair:6)
  7 soldier ants (Lair:8)
  Duvessa (D:7)
  18 water moccasins
  10 porcupines
  33 orc warriors
  11 ice beasts
  A wasp (D:7)
  2 sky beasts
  A phantom (D:4)
  A black bear (D:9)
  An eye of draining (D:10)
  11 ogres
  2 necrophages
  17 wolves
  A centaur (D:11)
  14 crocodiles
  4 big kobolds
  17 giant frogs
  Dowan (D:7)
  A scorpion (D:5)
  A water moccasin skeleton (D:5)
  5 killer bees
  7 wights
  2 howler monkeys
  8 crimson imps
  2 centaur zombies
  3 hounds
  3 quasits
  10 orc priests
  7 jellies
  22 orc wizards
  Crazy Yiuf (D:7)
  A centaur skeleton (D:8)
  5 giant frog skeletons
  6 iguanas
  30 worker ants
  31 sheep
  A hound zombie (D:7)
  A hound skeleton (D:10)
  2 worker ant zombies
  A howler monkey skeleton (D:9)
  6 gnolls
  9 adders
  55 river rats
  4 oozes
  2 adder zombies
  An adder skeleton (D:7)
  5 worms
  A dart slug (D:1)
  9 giant geckos
  50 orcs
  5 bats
  6 giant cockroaches
  13 goblins
  12 hobgoblins
  10 jackals
  6 quokkas
  7 ball pythons
  A giant gecko zombie (D:5)
  2 giant newts
  26 kobolds
  2 quokka skeletons
  A quokka zombie (D:10)
  7 rats
  3 butterflies (Lair:6)
  A fungus (Lair:4)
779 creatures vanquished.

Vanquished Creatures (others)
  A death yak (IceCv)
  A polar bear (IceCv)
  38 fungi
  25 plants (Lair:8)
65 creatures vanquished.

Grand Total: 844 creatures vanquished

Notes
Turn   | Place    | Note
--------------------------------------------------------------
     0 | D:1      | MirrMurr the Spriggan Enchanter began the quest for the Orb.
     0 | D:1      | Reached XP level 1. HP: 9/9 MP: 5/5
   229 | D:1      | Cast into level 1 of the Abyss (goblin)
   251 | D:1      | Escaped the Abyss
   324 | D:1      | Reached XP level 2. HP: 13/13 MP: 4/6
   671 | D:1      | Reached skill level 5 in Stealth
   706 | D:1      | Learned a level 2 spell: Ensorcelled Hibernation
   845 | D:1      | Reached XP level 3. HP: 8/16 MP: 5/8
  1203 | D:1      | Learned a level 3 spell: Confuse
  1478 | D:2      | Reached skill level 6 in Stealth
  1585 | D:2      | Reached XP level 4. HP: 21/21 MP: 9/9
  1788 | D:2      | Found a faded altar to an unknown god.
  2365 | D:3      | Noticed Grinder
  2387 | D:2      | Learned a level 3 spell: Dazzling Spray
  2554 | D:3      | Reached skill level 7 in Stealth
  2554 | D:3      | Reached XP level 5. HP: 24/24 MP: 10/10
  2901 | D:3      | Killed Grinder
  2901 | D:3      | Reached skill level 8 in Stealth
  2901 | D:3      | Reached skill level 1 in Ice Magic
  2901 | D:3      | Reached XP level 6. HP: 28/28 MP: 9/12
  3157 | D:4      | Found an ancient bone altar of Kikubaaqudgha.
  3321 | D:4      | Found a glowing silver altar of Zin.
  3321 | D:4      | Found a white marble altar of Elyvilon.
  3321 | D:4      | Found a glowing golden altar of the Shining One.
  3401 | D:4      | Found a deep blue altar of Sif Muna.
  3432 | D:4      | Reached skill level 9 in Stealth
  3503 | D:4      | Reached XP level 7. HP: 32/32 MP: 13/13
  3642 | D:4      | Reached skill level 10 in Stealth
  3692 | D:5      | Entered Level 5 of the Dungeon
  3770 | D:5      | Found an oddly glowing altar of Pakellas.
  4145 | D:5      | Reached skill level 11 in Stealth
  4413 | D:6      | Noticed Wardy2's ghost (novice DETm)
  4509 | D:5      | Reached skill level 1 in Fighting
  4777 | D:5      | Found a snail-covered altar of Cheibriados.
  4939 | D:6      | Reached skill level 5 in Dodging
  5002 | D:6      | Reached XP level 8. HP: 37/37 MP: 11/15
  5024 | D:6      | Found Fotha's Distillery.
  5026 | D:6      | Reached skill level 5 in Hexes
  5114 | D:6      | Found a staircase to the Ecumenical Temple.
  5124 | Temple   | Entered the Ecumenical Temple
  5141 | Temple   | Became a worshipper of Ashenzari the Shackled
  5224 | D:6      | Killed Wardy2's ghost
  5459 | D:6      | Reached skill level 5 in Spellcasting
  5598 | D:6      | Found a shadowy altar of Dithmenos.
  5600 | D:6      | Found a bloodstained altar of Trog.
  5606 | D:6      | Reached skill level 12 in Stealth
  6039 | D:7      | Reached XP level 9. HP: 41/41 MP: 11/18
  6459 | D:7      | Found a sacrificial altar of Ru.
  6811 | D:7      | Noticed Crazy Yiuf
  6817 | D:7      | Killed Crazy Yiuf
  6862 | D:7      | Noticed Duvessa
  6865 | D:7      | Noticed Dowan
  6869 | D:7      | Killed Duvessa
  6874 | D:7      | Killed Dowan
  6874 | D:7      | Reached skill level 13 in Stealth
  6891 | D:7      | Found a sparkling altar of Nemelex Xobeh.
  7325 | D:8      | Found a stormy altar of Qazlal.
  7326 | D:8      | Noticed Peloso's ghost (novice MiFi)
  7482 | D:8      | Found a blossoming altar of Fedhas.
  7548 | D:8      | Reached * piety under Ashenzari
  7597 | D:8      | Noticed Psyche
  7604 | D:8      | Killed Psyche
  7604 | D:8      | Reached skill level 14 in Stealth
  7738 | D:8      | Found a shimmering altar of Xom.
  7832 | D:8      | Killed Peloso's ghost
  7832 | D:8      | Reached XP level 10. HP: 46/46 MP: 15/20
  8367 | D:8      | Noticed Joseph
  8372 | D:8      | Killed Joseph
  8569 | D:9      | Reached skill level 15 in Stealth
  9081 | D:9      | Gained mutation: Your spells are a little harder to cast, but a little more powerful. [potion of mutation]
  9081 | D:9      | Gained mutation: You are agile. (Dex +2) [potion of mutation]
  9081 | D:9      | Gained mutation: You are partially covered in thin metallic scales (AC +2). [potion of mutation]
  9354 | D:9      | Reached skill level 1 in Conjurations
  9383 | D:9      | Found Kerphibo's Elemental Accessories.
  9409 | D:9      | Reached skill level 10 in Hexes
  9647 | D:10     | Entered Level 10 of the Dungeon
  9648 | D:10     | Noticed Erolcha
  9751 | D:10     | Noticed a hill giant
  9760 | D:10     | Killed a hill giant
  9760 | D:10     | Reached XP level 11. HP: 50/50 MP: 20/23
  9772 | D:10     | Reached skill level 16 in Stealth
 10103 | D:10     | Killed Erolcha
 10204 | D:10     | Noticed an unseen horror
 10208 | D:10     | Killed an unseen horror
 10513 | D:11     | Found a staircase to the Orcish Mines.
 10529 | D:11     | Found an opulent altar of Gozag.
 10549 | D:11     | Reached ** piety under Ashenzari
 10590 | D:11     | Found a staircase to the Lair.
 10594 | D:11     | Noticed a death yak
 10835 | D:11     | Noticed a hill giant
 10868 | D:11     | Killed a hill giant
 10986 | Lair:1   | Entered Level 1 of the Lair of Beasts
 11353 | D:11     | Killed a death yak
 11353 | D:11     | Reached skill level 17 in Stealth
 11550 | Lair:1   | Reached skill level 5 in Short Blades
 11686 | Lair:1   | Noticed a five-headed hydra
 11729 | Lair:1   | Killed a five-headed hydra
 11729 | Lair:1   | Reached skill level 10 in Spellcasting
 11881 | Lair:1   | Reached XP level 12. HP: 56/56 MP: 19/27
 12275 | Lair:1   | Learned a level 3 spell: Ozocubu's Armour
 12596 | Lair:2   | Found a frozen archway.
 12667 | Lair:2   | Reached skill level 18 in Stealth
 12775 | IceCv    | Entered an ice cave
 13002 | IceCv    | Noticed a death yak
 13007 | IceCv    | Noticed a death yak
 13066 | IceCv    | Killed a death yak
 13213 | IceCv    | Killed a death yak
 13303 | IceCv    | Reached skill level 1 in Evocations
 13552 | IceCv    | Noticed a frost giant
 13552 | IceCv    | Noticed a death yak
 13703 | IceCv    | Reached skill level 10 in Dodging
 13983 | IceCv    | Killed a death yak
 14132 | IceCv    | Noticed Kloppie's ghost (journeyman MiBe)
 14341 | IceCv    | Killed Kloppie's ghost
 14341 | IceCv    | Reached skill level 19 in Stealth
 14405 | IceCv    | Killed a frost giant
 14834 | Lair:2   | Noticed an eight-headed hydra
 14838 | Lair:2   | Killed an eight-headed hydra
 14838 | Lair:2   | Reached XP level 13. HP: 59/59 MP: 30/30
 15058 | Lair:2   | Noticed Erica
 15073 | Lair:2   | Killed Erica
 15561 | Lair:3   | Reached *** piety under Ashenzari
 16802 | Lair:4   | Found a runed door.
 17395 | Lair:5   | Reached **** piety under Ashenzari
 17679 | Lair:5   | Reached skill level 20 in Stealth
 18732 | Lair:6   | Found a staircase to the Slime Pits.
 18733 | Lair:6   | Found a viscous altar of Jiyva.
 18760 | Lair:6   | Identified the +2 trident of Yjaohiub {freeze, Str+4 Int+5} (You found it on level 9 of the Dungeon)
 18824 | Lair:6   | Found a staircase to the Shoals.
 19062 | Lair:6   | Found a staircase to the Snake Pit.
 19165 | Lair:6   | Identified a +6 rod of ignition (13/13) (You found it in an ice cave)
 19186 | Lair:6   | Reached ***** piety under Ashenzari
 19201 | Lair:6   | Reached XP level 14. HP: 60/65 MP: 24/32
 20933 | Lair:8   | Entered Level 8 of the Lair of Beasts
 21048 | Lair:8   | Reached skill level 21 in Stealth
 21254 | Lair:8   | Reached skill level 5 in Fighting
 22515 | Lair:8   | HP: 2/68 [death yak (28)]
 22664 | Lair:8   | Reached skill level 5 in Ice Magic
 23053 | Lair:8   | Noticed Snorg
 23060 | Lair:8   | Killed Snorg
 23268 | Lair:8   | Reached XP level 15. HP: 52/73 MP: 20/34
 24149 | Orc:1    | Entered Level 1 of the Orcish Mines
 24149 | Orc:1    | Noticed an orc warlord
 24344 | D:6      | Bought a potion of invisibility for 104 gold pieces
 24530 | D:11     | Killed an orc warlord
 25152 | Orc:1    | Noticed Fannar
 25164 | Orc:1    | Killed Fannar
 25184 | Orc:1    | Noticed an orc warlord
 25414 | Orc:1    | HP: 2/73 [orc warlord/great sword of holy wrath (34)]
 25502 | D:11     | Killed an orc warlord
 25577 | D:11     | HP: 1/73 [orc warrior/dire flail[an orc warlord] (16)]
 25974 | Orc:1    | Noticed an orc warlord
 25990 | Orc:1    | wtf!!!
 25990 | Orc:1    | 3 warlords on orc 1???!?!?!
 26091 | Orc:1    | Reached skill level 22 in Stealth
 26399 | Orc:1    | Found a roughly hewn altar of Beogh.
 26677 | Orc:1    | Killed an orc warlord
 26685 | Orc:1    | Killed from afar by an orc priest

Skill      XL: |  1  2  3  4  5  6  7  8  9 10 11 12 13 14 15 |
---------------+----------------------------------------------+-----
Stealth        | 5 6 7 8 9 11 12 14 15 17 19 20 21 22 | 22.1
Spellcasting   | 3 4 5 6 7 10 12 13 14 | 14.5
Hexes          | 4 7 8 10 11 12 13 14 | 14.1
Dodging        | 4 5 6 7 8 9 10 11 12 | 12.0
Ice Magic      | 1 2 3 4 5 |  5.3
Short Blades   | 2 3 4 5 7 8 |  8.0
Fighting       | 1 2 3 5 6 |  6.4
Conjurations   | 1 2 3 |  3.4
Evocations     | 1 |  1.3

Action                   |  1- 3 |  4- 6 |  7- 9 | 10-12 | 13-15 || total
-------------------------+-------+-------+-------+-------+-------++-------
Melee: Dagger            |   110 |   135 |   338 |   508 |   802 ||  1893
 Cast: Corona            |     5 |       |       |       |     2 ||     7
       Ensorcelled Hiber |     4 |    15 |    47 |    61 |   226 ||   353
       Confuse           |     1 |     1 |    25 |    63 |    70 ||   160
       Dazzling Spray    |       |       |    10 |    92 |   169 ||   271
       Ozocubu's Armour  |       |       |       |       |     1 ||     1
Invok: Curse Item        |       |       |     2 |       |     2 ||     4
Evoke: Wand              |       |       |     2 |     4 |       ||     6
  Use: Scroll            |     2 |     5 |     5 |     4 |    15 ||    31
       Potion            |     1 |       |       |     6 |     1 ||     8
 Stab: Sleeping          |    18 |    24 |    59 |    86 |   205 ||   392
       Distracted        |       |     2 |       |     1 |     3 ||     6
       Confused          |       |     2 |    15 |    43 |    40 ||   100
       Invisible         |       |       |     3 |    21 |    49 ||    73
  Eat: Bread ration      |       |     1 |     1 |     1 |     1 ||     4
       Pizza             |       |     1 |     1 |       |     2 ||     4
       Royal jelly       |       |       |       |     1 |     1 ||     2
Armor: Robe              |    13 |     9 |    28 |    42 |    76 ||   168
Dodge: Dodged            |    73 |   100 |   250 |   352 |   710 ||  1485
